 Dungeon Crawl Stone Soup version 0.29.1-1-gd02db6906a (webtiles) character file.

Game seed: 130486999828333419

70 xian the Chopper (level 4, -2/40 HPs)
             Began as a Draconian Berserker on Sept 17, 2022.
             Was a Believer of Trog.
             Slain by Natasha (7 damage)
             ... on level 2 of the Dungeon.
             The game lasted 00:02:54 (1278 turns).

xian the Chopper (Draconian Berserker)              Turns: 1278, Time: 00:02:55

Health: -2/40      AC:  5    Str: 21    XL:     4   Next: 4%
Magic:  4/4        EV: 12    Int:  7    God:    Trog [**....]
Gold:   40         SH:  0    Dex: 11    Spells: 3/3 levels left

rFire   . . .      SeeInvis .   a - +0 hand axe
rCold   . . .      Faith    .   (no shield)
rNeg    . . .      Spirit   .   (body armour unavailable)
rPois   .          Reflect  .   (helmet restricted)
rElec   .          Harm     .   (no cloak)
rCorr   .          Rampage  .   (no gloves)
Will    .....                   (no boots)
Stlth   +.........              (no amulet)
HPRegen 0.13/turn               (no ring)
MPRegen 0.09/turn               (no ring)

@: on berserk cooldown
A: AC +5, unfitting armour, cold-blooded
a: Renounce Religion, Berserk, Trog's Hand


You were on level 2 of the Dungeon.
You worshipped Trog.
Trog was pleased with you.
You visited 1 branch of the dungeon, and saw 2 of its levels.

You collected 40 gold pieces.

Inventory:

Hand Weapons
 a - a +0 hand axe (weapon)
Scrolls
 e - a scroll of identify {unknown}
 f - 2 scrolls of teleportation {unknown}
 h - a scroll of silence {unknown}
Potions
 b - a potion of magic {unknown}
 c - a potion of brilliance {unknown}
 d - 2 potions of flight {unknown}
 g - 2 potions of curing {unknown}


   Skills:
 + Level 3.7 Fighting
 + Level 4.0 Axes
 + Level 3.3 Dodging
 + Level 0.4 Stealth


You had 3 spell levels left.
You didn't know any spells.
Your spell library was empty.

Dungeon Overview and Level Annotations

Branches:
Dungeon (2/15)

Altars:

Annotations:
D:2 Natasha


Innate Abilities, Weirdness & Mutations

Your plain brown scales are hard. (AC +5)
You cannot fit into any form of body armour.
You are cold-blooded and may be slowed by cold attacks.


Message History

The shadow imp hits you but does no damage. x2
Natasha claws you but does no damage. The shadow imp barely misses you.
The shadow imp misses you.
You hit Natasha but do no damage.
Natasha is lightly wounded.
You barely miss the shadow imp. x2; Natasha claws you.
The shadow imp misses you.
The shadow imp hits you but does no damage.
Natasha closely misses you.
You closely miss Natasha.
Your tail-slap misses Natasha.
Natasha is lightly wounded.
You closely miss the shadow imp. You barely miss the shadow imp.
You feel yourself speed up. The shadow imp hits you.
The shadow imp closely misses you. Natasha claws you. The shadow imp hits you.
* * * LOW HITPOINT WARNING * * *
The shadow imp barely misses you.
You hit Natasha.
Natasha is heavily wounded.
You barely miss the shadow imp. You completely miss the shadow imp.
Natasha closely misses you.
The shadow imp hits you but does no damage. x2
You hit Natasha.
Natasha is almost dead.
You closely miss the shadow imp.
You hit the shadow imp but do no damage.
Natasha claws you.
* * * LOW HITPOINT WARNING * * *
The shadow imp hits you but does no damage. x2
Natasha closely misses you.
You closely miss Natasha.
Natasha is almost dead.
You hit the shadow imp. x2
The shadow imp lashes its tail.
The shadow imp hits you.
* * * LOW HITPOINT WARNING * * *
The shadow imp hits you.
* * * LOW HITPOINT WARNING * * *
Natasha claws you!
You die...

########
#......#
...####.#
##@#########
#55h.......#
#....#.##.##.#
####.#.##.# .
..#.##.# .# ##.
####.##.# .# #..
#.##.##.# #.#
#######.......#
#..
.....##........#


You could see Natasha and 2 shadow imps.

Vanquished Creatures
  Natasha (D:2)
  An adder (D:2)
  A dart slug (D:1)
  4 bats (D:1)
  An endoplasm (D:1)
  4 giant cockroaches
  3 goblins (D:1)
  A hobgoblin (D:1)
  3 quokkas (D:1)
  5 ball pythons (D:1)
  A frilled lizard (D:2)
  4 kobolds (D:1)
  3 rats
32 creatures vanquished.

Notes
Turn   | Place    | Note
-------+----------+-------------------------------------------
     0 | D:1      | xian the Draconian Berserker began the quest for the Orb.
     0 | D:1      | Reached XP level 1. HP: 19/19 MP: 1/1
   251 | D:1      | Reached XP level 2. HP: 24/26 MP: 2/2
   652 | D:1      | Reached XP level 3. HP: 29/31 MP: 3/3
   683 | D:1      | Reached ** piety under Trog
   914 | D:1      | Found a faded altar of an unknown god.
  1238 | D:2      | Noticed Natasha
  1244 | D:2      | Killed Natasha
  1245 | D:2      | Reached skill level 4 in Axes
  1245 | D:2      | Reached XP level 4. HP: 38/40 MP: 4/4
  1267 | D:2      | Noticed Natasha
  1278 | D:2      | Slain by Natasha

Illustrated notes

Levels and vault maps discovered:
D:1:      roderic_chinese_lattice_arrival, layout_loops_ring,
          hellmonk_ecumenical_altar_defaced_shrine, kennysheep_boxes
D:2:      layout_loops_cross, uniq_natasha

Skill      XL: |  1  2  3 |
---------------+----------+-----
Dodging        | 3 |  3.3
Axes           | 4 |  4.0
Fighting       | |  3.7
Stealth        | |  0.4

Action                   |  1- 3 |  4- 6 || total
-------------------------+-------+-------++-------
Melee: Hand axe          |   105 |    12 ||   117
       Tailslap          |    13 |     1 ||    14
Invok: Berserk           |     1 |       ||     1
 Stab: Sleeping          |     1 |       ||     1
Armor: Skin              |    46 |    12 ||    58
Dodge: Dodged            |   108 |    19 ||   127
